 Dungeon Crawl Stone Soup version 0.21.1-1-g345015f (webtiles) character file.

50 MrLeft the Skirmisher (level 3, -1/31 HPs)
             Began as a Demonspawn Abyssal Knight on June 4, 2018.
             Was an Initiate of Okawaru.
             Slain by a small abomination (2 damage)
             ... created by the touch of Lugonu
             ... on level 2 of the Dungeon.
             The game lasted 00:17:28 (1957 turns).

MrLeft the Skirmisher (Demonspawn Abyssal Knight)   Turns: 1957, Time: 00:17:32

Health: -1/31      AC: 11    Str: 13    XL:     3   Next: 55%
Magic:  4/4        EV:  9    Int: 13    God:    Okawaru [......]
Gold:   71         SH:  0    Dex: 12    Spells: 2/2 levels left

rFire    . . .     SeeInvis .   a - +1 mace
rCold    . . .     Gourm    .   (no shield)
rNeg     . . .     Faith    .   i - +5 scale mail
rPois    .         Spirit   .   (helmet restricted)
rElec    .         Reflect  .   (no cloak)
rCorr    .         Harm     .   (no gloves)
MR       +....                  (no boots)
Stlth    ..........             e - amulet of rage
HPRegen  0.10/turn              (no ring)
MPRegen  0.09/turn              (no ring)

@: no status effects
A: claws 1, horns 1, magic resistance 1, robust 1, spiny 1, no potion heal 1
a: Renounce Religion, Evoke Berserk Rage


You were on level 2 of the Dungeon.
You worshipped Okawaru.
Okawaru was noncommittal.
You were not hungry.

You visited 1 branch of the dungeon, and saw 2 of its levels.
You visited the Abyss 1 time.

You collected 71 gold pieces.

Inventory:

Hand Weapons
 a - a +1 mace (weapon)
 q - a +1 dagger of venom
Missiles
 d - 10 poisoned needles
 h - 54 arrows
 k - 17 bolts
Armour
 b - a +0 leather armour
 f - a +0 ring mail
 g - a +0 leather armour
 i - a +5 scale mail (worn)
 p - a +0 chain mail
Jewellery
 e - an amulet of rage (around neck)
Scrolls
 l - a scroll of teleportation
 o - 2 scrolls of identify
Potions
 m - a potion of might
 n - a potion of flight {unknown}
 r - a potion of curing {unknown}
Comestibles
 c - 4 rations
 j - 2 chunks of flesh


   Skills:
 + Level 3.5 Fighting
 + Level 2.5 Maces & Flails
 + Level 2.3 Armour
 + Level 0.9 Dodging
 + Level 0.3 Stealth
 + Level 2.4 Invocations


You had 2 spell levels left.
You didn't know any spells.

Dungeon Overview and Level Annotations

Branches:
Dungeon (2/15)

Altars:
Okawaru
Sif Muna


Innate Abilities, Weirdness & Mutations

You have sharp fingernails.
You are partially covered in sharp spines.
You have a pair of small horns on your head.
You are resistant to hostile enchantments. (MR+)
You are robust. (+10% HP)
Potions are less effective at restoring your health.


Message History

You hit the small abomination but do no damage.
The small abomination hits you! The small abomination hits you.
You hit the small abomination.
The small abomination is lightly damaged.
The small abomination closely misses you.
You barely miss the small abomination.
Your headbutt misses the small abomination.
The small abomination is lightly damaged.
The small abomination barely misses you.
The small abomination closely misses you.
You hit the small abomination.
The small abomination is lightly damaged.
The small abomination hits you but does no damage.
You barely miss the small abomination.
The small abomination is lightly damaged.
The small abomination hits you!!
Ouch! That really hurt!
* * * LOW HITPOINT WARNING * * *
The small abomination hits you.
You die...

# #.. ...# #.#.#
#..# #.#.###..#
#........#
###.####.# #.#
#.###########
#.####............
#x..............%.
#@################
#.# # #.# #######
# #.# #.....# #
#.# #.....# # #.#
#.....### #.#
#........
#.########......##
#.#.............##


You could see a small abomination.

Vanquished Creatures
  An adder (D:2)
  3 worms (D:2)
  A leopard gecko (D:2)
  A ball python (D:1)
  3 bats
  A giant cockroach (D:2)
  2 goblins (D:2)
  6 hobgoblins (D:2)
  3 kobolds (D:2)
  2 quokkas (D:2)
  2 frilled lizards
  4 rats
29 creatures vanquished.

Notes
Turn   | Place    | Note
-------+----------+-------------------------------------------
     0 | Abyss:1  | MrLeft the Demonspawn Abyssal Knight began the quest for the Orb.
     0 | Abyss:1  | Reached XP level 1. HP: 18/18 MP: 2/2
    17 | D:1      | Escaped the Abyss
   742 | D:2      | Gained mutation: You have sharp fingernails. [demonic ancestry]
   742 | D:2      | Reached XP level 2. HP: 19/24 MP: 3/3
   912 | D:2      | Reached * piety under Lugonu
   918 | D:2      | Gained mutation: You tend to lose your temper in combat. [potion of mutation]
   918 | D:2      | Gained mutation: You are resistant to hostile enchantments. (MR+) [potion of mutation]
   918 | D:2      | Gained mutation: You are highly resistant to hostile enchantments. (MR++) [potion of mutation]
   944 | D:2      | Lost mutation: You are highly resistant to hostile enchantments. (MR++) [potion of mutation]
   944 | D:2      | Lost mutation: You are resistant to hostile enchantments. (MR+) [potion of mutation]
   944 | D:2      | Lost mutation: You tend to lose your temper in combat. [potion of mutation]
   944 | D:2      | Gained mutation: You are robust. (+10% HP) [potion of mutation]
   944 | D:2      | Gained mutation: Potions are less effective at restoring your health. [potion of mutation]
   944 | D:2      | Gained mutation: You are resistant to hostile enchantments. (MR+) [potion of mutation]
   944 | D:2      | Gained mutation: You have a pair of small horns on your head. [potion of mutation]
   944 | D:2      | HP: 1/26 [poisoned by a goblin]
  1571 | D:2      | Gained mutation: You are partially covered in sharp spines. [demonic ancestry]
  1571 | D:2      | Reached XP level 3. HP: 30/31 MP: 4/4
  1714 | D:2      | Found a deep blue altar of Sif Muna.
  1920 | D:2      | Found an iron altar of Okawaru.
  1929 | D:2      | Fell from the grace of Lugonu
  1929 | D:2      | Became a worshipper of Warmaster Okawaru
  1951 | D:2      | Noticed a small abomination
  1957 | D:2      | HP: 1/31 [small abomination[the touch of Lugonu] (18)]
  1957 | D:2      | Slain by a small abomination

Skill      XL: |  1  2 |
---------------+-------+-----
Maces & Flails | 2 |  2.5
Armour         | 2 |  2.3
Fighting       | |  3.5
Dodging        | |  0.9
Stealth        | |  0.3
Invocations    | |  2.4

Action                   || total
-------------------------++-------
Melee: Mace              ||    93
       Headbutt          ||     7
Invok: Depart the Abyss  ||     1
  Use: Scroll            ||     5
       Potion            ||     4
  Eat: Ration            ||     2
Armor: Leather armour    ||     3
       Scale mail        ||    48
Dodge: Dodged            ||    64
